Workbook
Name \C: [1]Reforma!#REF!
Name \C: [1]Reforma!#REF!
Name \D: [1]Reforma!#REF!
Name \D: [1]Reforma!#REF!
Name \G: [1]Reforma!#REF!
Name \I: [1]Reforma!#REF!
Name \l: #REF!
Name \l: #REF!
Name \M: [1]Reforma!#REF!
Name \P: [1]Reforma!#REF!
Name \R: [1]Reforma!#REF!
Name \s: #REF!
Name \s: #REF!
Name \t: #REF!
Name \t: #REF!
Name \Y: [1]Reforma!#REF!
Name \Y: [1]Reforma!#REF!
Name _: [1]Reforma!#REF!
Name _: [1]Reforma!#REF!
Name ______________MDO1: [2]INSUMOS!$C$8
Name ______________MDO2: [3]INSUMOS!$C$6
Name ______________R: #REF!
Name _____________MDO1: [2]INSUMOS!$C$8
Name _____________MDO2: [3]INSUMOS!$C$6
Name _____________R: #REF!
Name ____________MDO1: [2]INSUMOS!$C$8
Name ____________MDO2: [3]INSUMOS!$C$6
Name ____________R: #REF!
Name ____________R: #REF!
Name ___________MDO1: [2]INSUMOS!$C$8
Name ___________MDO2: [3]INSUMOS!$C$6
Name ___________R: #REF!
Name ___________R: #REF!
Name ___________rua1: #REF!
Name __________MDO1: [2]INSUMOS!$C$8
Name __________MDO2: [3]INSUMOS!$C$6
Name __________R: #REF!
Name __________rua1: #REF!
Name _________MDO1: [2]INSUMOS!$C$8
Name _________MDO2: [3]INSUMOS!$C$6
Name _________R: #REF!
Name _________R: #REF!
Name _________rua1: #REF!
Name ________MDO1: [2]INSUMOS!$C$8
Name ________MDO2: [3]INSUMOS!$C$6
Name ________R: #REF!
Name ________R: #REF!
Name ________rua1: #REF!
Name _______MDO1: [2]INSUMOS!$C$8
Name _______MDO2: [3]INSUMOS!$C$6
Name _______R: #REF!
Name _______R: #REF!
Name _______rua1: #REF!
Name ______MDO1: [2]INSUMOS!$C$8
Name ______MDO2: [3]INSUMOS!$C$6
Name ______R: #REF!
Name ______R: #REF!
Name ______rua1: #REF!
Name _____MDO1: [4]INSUMOS!$C$8
Name _____MDO1: [2]INSUMOS!$C$8

Sheet ORÇ
A2: OBRA: | D2: BDI: | E2: BANCOS E DATAS: | H2: ENCARGOS SOCIAIS:
A3: CONSTRUÇÃO DE ESCOLA 8 SALAS | D3: 0.1985 | E3: SINAPI - 05/2024; SBC - 06/2024; ORSE - 04/2024; IOPES - 03/2024; AGESUL - 01/2024; AGETOP CIVIL - 02/2024; CAEMA - 12/2023 | H3: Não Desonerado: embutido nos preços unitário dos insumos de mão de obra, de acordo com as bases. | K3: 1089239.6
A4: PLANILHA ORÇAMENTÁRIA SINTÉTICA | K4: 1089239.6
A5: ITEM | B5: CÓDIGO | C5: DESCRIÇÃO | D5: BANCO | E5: UNID | F5: QUANT. | G5: VALOR UNIT. (R$) | H5: VALOR UNIT. C/ BDI (R$) | I5: TOTAL
A6: TOTAL: | I6: 1089239.6
A7: 1 | C7: SERVIÇOS PRELIMINARES | I7: 31770.63 | M7: 40240.65 | Q7: =I7/M7 -> 0.78951583
A8: 1.1 | B8: 103689 | C8: FORNECIMENTO E INSTALAÇÃO DE PLACA DE OBRA COM CHAPA GALVANIZADA E ESTRUTURA DE MADEIRA. AF_03/2022_PS | D8: SINAPI | E8: m² | F8: 8 | G8: 249.65 | H8: 299.2 | I8: 2393.6 | K8: 316.03 | L8: 378.76 | M8: 3030.08 | O8: =G8/K8 -> 0.78995665 | P8: =H8/L8 -> 0.78994614 | Q8: =I8/M8 -> 0.78994614
A9: 1.2 | B9: 93584 | C9: EXECUÇÃO DE DEPÓSITO EM CANTEIRO DE OBRA EM CHAPA DE MADEIRA COMPENSADA, NÃO INCLUSO MOBILIÁRIO. AF_04/2016 | D9: SINAPI | E9: m² | F9: 15 | G9: 583.95 | H9: 699.86 | I9: 10497.9 | K9: 740.48 | L9: 887.46 | M9: 13311.9 | O9: =G9/K9 -> 0.78861009 | P9: =H9/L9 -> 0.78861019 | Q9: =I9/M9 -> 0.78861019
A10: 1.3 | B10: 99059 | C10: LOCAÇÃO CONVENCIONAL DE OBRA, UTILIZANDO GABARITO DE TÁBUAS CORRIDAS PONTALETADAS A CADA 2,00M - 2 UTILIZAÇÕES. AF_03/2024 | D10: SINAPI | E10: M | F10: 338.7 | G10: 46.51 | H10: 55.74 | I10: 18879.13 | K10: 58.88 | L10: 70.56 | M10: 23898.67 | O10: =G10/K10 -> 0.78991168 | P10: =H10/L10 -> 0.78996599 | Q10: =I10/M10 -> 0.78996572
A11: 2 | C11: MOVIMENTO DE TERRA | I11: 25435.38 | M11: 32239 | Q11: =I11/M11 -> 0.78896306
A12: 2.1 | B12: 93358 | C12: ESCAVAÇÃO MANUAL DE VALA COM PROFUNDIDADE MENOR OU IGUAL A 1,30 M. AF_02/2021 | D12: SINAPI | E12: m³ | F12: 56.9 | G12: 60.21 | H12: 72.16 | I12: 4105.9 | K12: 76.23 | L12: 91.36 | M12: 5198.38 | O12: =G12/K12 -> 0.78984652 | P12: =H12/L12 -> 0.78984238 | Q12: =I12/M12 -> 0.78984222
A13: 2.2 | B13: 96995 | C13: REATERRO MANUAL APILOADO COM SOQUETE. AF_10/2017 | D13: SINAPI | E13: m³ | F13: 8.43 | G13: 36.5 | H13: 43.74 | I13: 368.72 | K13: 46.22 | L13: 55.39 | M13: 466.94 | O13: =G13/K13 -> 0.78970143 | P13: =H13/L13 -> 0.78967323 | Q13: =I13/M13 -> 0.78965178
A14: 2.3 | B14: PRÓPRIO - EMB. RACHAO | C14: [Adaptação SINAPI 101166] ALVENARIA DE EMBASAMENTO COM PEDRA RACHÃO E ARGAMASSA DE ASSENTAMENTO COM PREPARO EM BETONEIRA. AF_05/2020 | D14: Próprio | E14: M³ | F14: 51.18 | G14: 341.72 | H14: 409.55 | I14: 20960.76 | K14: 433.23 | L14: 519.22 | M14: 26573.68 | O14: =G14/K14 -> 0.78877271 | P14: =H14/L14 -> 0.78877932 | Q14: =I14/M14 -> 0.78877897
A15: 3 | C15: ESTRUTURA - FUNDAÇÕES E EMBASAMENTO | I15: 125676.4 | M15: 159133.28 | Q15: =I15/M15 -> 0.78975561
A16: 3.1 | C16: CONCRETO ARMADO PARA FUNDAÇÕES - SAPATAS | I16: 53542.47 | M16: 67790.6 | Q16: =I16/M16 -> 0.78982145
A17: 3.1.1 | B17: 96616 | C17: LASTRO DE CONCRETO MAGRO, APLICADO EM BLOCOS DE COROAMENTO OU SAPATAS. AF_01/2024 | D17: SINAPI | E17: m³ | F17: 1.15 | G17: 572.33 | H17: 685.93 | I17: 788.81 | K17: 725.62 | L17: 869.65 | M17: 1000.1 | O17: =G17/K17 -> 0.78874618 | P17: =H17/L17 -> 0.7887426 | Q17: =I17/M17 -> 0.78873113
A18: 3.1.2 | B18: 95957 | C18: (COMPOSIÇÃO REPRESENTATIVA) EXECUÇÃO DE ESTRUTURAS DE CONCRETO ARMADO, PARA EDIFICAÇÃO INSTITUCIONAL TÉRREA, FCK = 25 MPA. AF_01/2017 | D18: SINAPI | E18: m³ | F18: 18.43 | G18: 2388.31 | H18: 2862.38 | I18: 52753.66 | K18: 3023.79 | L18: 3624.01 | M18: 66790.5 | O18: =G18/K18 -> 0.7898399 | P18: =H18/L18 -> 0.78983778 | Q18: =I18/M18 -> 0.78983778
A19: 3.2 | C19: CONCRETO ARMADO PARA FUNDAÇÕES - VIGAS BALDRAMES | I19: 59394.38 | M19: 75198.21 | Q19: =I19/M19 -> 0.78983768
A20: 3.2.1 | B20: 95957 | C20: (COMPOSIÇÃO REPRESENTATIVA) EXECUÇÃO DE ESTRUTURAS DE CONCRETO ARMADO, PARA EDIFICAÇÃO INSTITUCIONAL TÉRREA, FCK = 25 MPA. AF_01/2017 | D20: SINAPI | E20: m³ | F20: 20.75 | G20: 2388.31 | H20: 2862.38 | I20: 59394.38 | K20: 3023.79 | L20: 3624.01 | M20: 75198.21 | O20: =G20/K20 -> 0.7898399 | P20: =H20/L20 -> 0.78983778 | Q20: =I20/M20 -> 0.78983768
A21: 3.3 | C21: ALVENARIA DE ADEQUAÇÃO ESTRUTURAL | I21: 12739.55 | M21: 16144.47 | Q21: =I21/M21 -> 0.78909682
A22: 3.3.1 | B22: 801000104 | C22: ALVENARIA DE ELEVACAO COM TIJOLO CERAMICO FURADO (9X19X19)CM, 1 VEZ (ESPESSURA DE 19CM), ASSENTADA COM ARGAMASSA MISTA DE CIMENTO, CAL HIDRATADA E AREIA SEM PENEIRAR, NO TRACO 1:2:8 | D22: AGESUL | E22: m² | F22: 125.55 | G22: 84.67 | H22: 101.47 | I22: 12739.55 | K22: 107.3 | L22: 128.59 | M22: 16144.47 | O22: =G22/K22 -> 0.78909599 | P22: =H22/L22 -> 0.78909713 | Q22: =I22/M22 -> 0.78909682
A23: 4 | C23: SUPERESTRUTURA | I23: 156628.15 | M23: 197681.24 | Q23: =I23/M23 -> 0.79232683
A24: 4.1 | C24: CONCRETO ARMADO PARA SUPERESTRUTURAS - PILARES | I24: 26620.13 | M24: 33703.29 | Q24: =I24/M24 -> 0.78983773
A25: 4.1.1 | B25: 95957 | C25: (COMPOSIÇÃO REPRESENTATIVA) EXECUÇÃO DE ESTRUTURAS DE CONCRETO ARMADO, PARA EDIFICAÇÃO INSTITUCIONAL TÉRREA, FCK = 25 MPA. AF_01/2017 | D25: SINAPI | E25: m³ | F25: 9.3 | G25: 2388.31 | H25: 2862.38 | I25: 26620.13 | K25: 3023.79 | L25: 3624.01 | M25: 33703.29 | O25: =G25/K25 -> 0.7898399 | P25: =H25/L25 -> 0.78983778 | Q25: =I25/M25 -> 0.78983773
A26: 4.2 | C26: CONCRETO ARMADO PARA SUPERESTRUTURAS - VIGAS DE RESPALDO | I26: 59394.38 | M26: 75198.21 | Q26: =I26/M26 -> 0.78983768
A27: 4.2.1 | B27: 95957 | C27: (COMPOSIÇÃO REPRESENTATIVA) EXECUÇÃO DE ESTRUTURAS DE CONCRETO ARMADO, PARA EDIFICAÇÃO INSTITUCIONAL TÉRREA, FCK = 25 MPA. AF_01/2017 | D27: SINAPI | E27: m³ | F27: 20.75 | G27: 2388.31 | H27: 2862.38 | I27: 59394.38 | K27: 3023.79 | L27: 3624.01 | M27: 75198.21 | O27: =G27/K27 -> 0.7898399 | P27: =H27/L27 -> 0.78983778 | Q27: =I27/M27 -> 0.78983768
A28: 4.3 | C28: CONCRETO ARMADO PARA SUPERESTRUTURAS - VERGAS | I28: 5864.3 | M28: 7441.24 | Q28: =I28/M28 -> 0.78808102
A29: 4.3.1 | B29: 93182 | C29: VERGA PRÉ-MOLDADA PARA JANELAS COM ATÉ 1,5 M DE VÃO. AF_03/2016 | D29: SINAPI | E29: M | F29: 43.9 | G29: 34.81 | H29: 41.71 | I29: 1831.06 | K29: 44.13 | L29: 52.88 | M29: 2321.43 | O29: =G29/K29 -> 0.7888058 | P29: =H29/L29 -> 0.78876702 | Q29: =I29/M29 -> 0.78876382
A30: 4.3.2 | B30: 93184 | C30: VERGA PRÉ-MOLDADA COM ATÉ 1,5 M DE VÃO, ESPESSURA DE *20* CM. AF_03/2024 | D30: SINAPI | E30: M | F30: 84.36 | G30: 20.2 | H30: 24.2 | I30: 2041.51 | K30: 25.64 | L30: 30.72 | M30: 2591.54 | O30: =G30/K30 -> 0.78783151 | P30: =H30/L30 -> 0.78776042 | Q30: =I30/M30 -> 0.7877594
A31: 4.3.3 | B31: 93194 | C31: CONTRAVERGA PRÉ-MOLDADA, ESPESSURA DE *20* CM. AF_03/2024 | D31: SINAPI | E31: M | F31: 84.36 | G31: 19.7 | H31: 23.61 | I31: 1991.73 | K31: 25.01 | L31: 29.97 | M31: 2528.27 | O31: =G31/K31 -> 0.78768493 | P31: =H31/L31 -> 0.78778779 | Q31: =I31/M31 -> 0.78778374
A32: 4.4 | C32: LAJE PRÉ-MOLDADA | I32: 64749.34 | M32: 81338.5 | Q32: =I32/M32 -> 0.79604787
A33: 4.4.1 | B33: 101964 | C33: LAJE PRÉ-MOLDADA UNIDIRECIONAL, BIAPOIADA, PARA FORRO, ENCHIMENTO EM CERÂMICA, VIGOTA CONVENCIONAL, ALTURA TOTAL DA LAJE (ENCHIMENTO+CAPA) = (8+3). AF_11/2020_PA | D33: SINAPI | E33: m² | F33: 419.66 | G33: 128.74 | H33: 154.29 | I33: 64749.34 | K33: 161.72 | L33: 193.82 | M33: 81338.5 | O33: =G33/K33 -> 0.79606728 | P33: =H33/L33 -> 0.79604788 | Q33: =I33/M33 -> 0.79604787
A34: 5 | C34: PAREDES E PAINEIS | I34: 91359.01 | M34: 115657.98 | Q34: =I34/M34 -> 0.78990667
A35: 5.1 | C35: ELEMENTOS VAZADOS | I35: 7029.48 | M35: 8897.77 | Q35: =I35/M35 -> 0.79002716
A36: 5.1.1 | B36: 50112 | C36: Cobogó de concreto 40 x 40 x 10 cm, tipo reto, assentados com argamassa de cimento e areia no traço 1 | D36: IOPES | E36: m² | F36: 43.97 | G36: 133.4 | H36: 159.87 | I36: 7029.48 | K36: 168.85 | L36: 202.36 | M36: 8897.77 | O36: =G36/K36 -> 0.79005034 | P36: =H36/L36 -> 0.79002767 | Q36: =I36/M36 -> 0.79002716
A37: 5.2 | C37: ALVENARIA DE VEDAÇÃO | I37: 84329.53 | M37: 106760.21 | Q37: =I37/M37 -> 0.78989663
A38: 5.2.1 | B38: 87504 | C38: ALVENARIA DE VEDAÇÃO DE BLOCOS CERÂMICOS FURADOS NA HORIZONTAL DE 9X19X19CM (ESPESSURA 9CM) DE PAREDES COM ÁREA LÍQUIDA MAIOR OU IGUAL A 6M² SEM VÃOS E ARGAMASSA DE ASSENTAMENTO COM PREPARO MANUAL. AF_06/2014 | D38: SINAPI | E38: m² | F38: 1225.72 | G38: 57.41 | H38: 68.8 | I38: 84329.53 | K38: 72.68 | L38: 87.1 | M38: 106760.21 | O38: =G38/K38 -> 0.78990094 | P38: =H38/L38 -> 0.78989667 | Q38: =I38/M38 -> 0.78989663
A39: 6 | C39: ESQUADRIAS | I39: 75133.7 | M39: 95109.96 | Q39: =I39/M39 -> 0.78996669
A40: 6.1 | C40: PORTAS DE MADEIRA | I40: 27659.62 | M40: 35017.14 | Q40: =I40/M40 -> 0.78988804
A41: 6.1.1 | B41: 90844 | C41: KIT DE PORTA DE MADEIRA PARA PINTURA, SEMI-OCA (LEVE OU MÉDIA), PADRÃO MÉDIO, 90X210CM, ESPESSURA DE 3,5CM, ITENS INCLUSOS: DOBRADIÇAS, MONTAGEM E INSTALAÇÃO DO BATENTE, FECHADURA COM EXECUÇÃO DO FURO - FORNECIMENTO E INSTALAÇÃO. AF_12/2019 | D41: SINAPI | E41: UN | F41: 14 | G41: 850.55 | H41: 1019.38 | I41: 14271.32 | K41: 1076.8 | L41: 1290.54 | M41: 18067.56 | O41: =G41/K41 -> 0.7898867 | P41: =H41/L41 -> 0.7898864 | Q41: =I41/M41 -> 0.7898864
A42: 6.1.2 | B42: 100689 | C42: KIT DE PORTA DE MADEIRA FRISADA, SEMI-OCA (LEVE OU MÉDIA), PADRÃO MÉDIO, 80X210CM, ESPESSURA DE 3,5CM, ITENS INCLUSOS: DOBRADIÇAS, MONTAGEM E INSTALAÇÃO DE BATENTE, FECHADURA COM EXECUÇÃO DO FURO - FORNECIMENTO E INSTALAÇÃO. AF_12/2019 | D42: SINAPI | E42: UN | F42: 8 | G42: 826.95 | H42: 991.09 | I42: 7928.72 | K42: 1046.91 | L42: 1254.72 | M42: 10037.76 | O42: =G42/K42 -> 0.78989598 | P42: =H42/L42 -> 0.78988938 | Q42: =I42/M42 -> 0.78988938
A43: 6.1.3 | B43: 100680 | C43: KIT DE PORTA DE MADEIRA PARA VERNIZ, SEMI-OCA (LEVE OU MÉDIA), PADRÃO MÉDIO, 70X210CM, ESPESSURA DE 3,5CM, ITENS INCLUSOS: DOBRADIÇAS, MONTAGEM E INSTALAÇÃO DE BATENTE, FECHADURA COM EXECUÇÃO DO FURO - FORNECIMENTO E INSTALAÇÃO. AF_12/2019 | D43: SINAPI | E43: UN | F43: 6 | G43: 759.23 | H43: 909.93 | I43: 5459.58 | K43: 961.18 | L43: 1151.97 | M43: 6911.82 | O43: =G43/K43 -> 0.78989367 | P43: =H43/L43 -> 0.78989036 | Q43: =I43/M43 -> 0.78989036
A44: 6.2 | C44: PORTAS E GRADIS DE METAL E/OU VIDRO | I44: 17419.63 | M44: 22049.72 | Q44: =I44/M44 -> 0.79001593
A45: 6.2.1 | B45: 112410 | C45: PORTA DE BOX EM ALUMINIO ANODIZADO | D45: SBC | E45: m² | F45: 9.72 | G45: 879.89 | H45: 1054.54 | I45: 10250.12 | K45: 1113.76 | L45: 1334.84 | M45: 12974.64 | O45: =G45/K45 -> 0.7900176 | P45: =H45/L45 -> 0.79001229 | Q45: =I45/M45 -> 0.7900119
A46: 6.2.2 | B46: 150326 | C46: PORTÃO DE ENTRADA EM ALUMINIO, DE CORRER, INCLUINDO FERRAGENS, GUARNIÇÕES | D46: CAEMA | E46: m² | F46: 17.85 | G46: 179.81 | H46: 215.5 | I46: 3846.67 | K46: 227.6 | L46: 272.77 | M46: 4868.94 | O46: =G46/K46 -> 0.79002636 | P46: =H46/L46 -> 0.79004289 | Q46: =I46/M46 -> 0.7900426
A47: 6.2.3 | B47: 150210 | C47: PORTA DUPLA EM VIDRO LAMINADO INCOLOR 8mm COM FERRAGENS | D47: SBC | E47: m² | F47: 2.94 | G47: 943.03 | H47: 1130.22 | I47: 3322.84 | K47: 1193.71 | L47: 1430.66 | M47: 4206.14 | O47: =G47/K47 -> 0.78999925 | P47: =H47/L47 -> 0.78999902 | Q47: =I47/M47 -> 0.78999748
A48: 6.3 | C48: JANELAS | I48: 30054.45 | M48: 38043.1 | Q48: =I48/M48 -> 0.79001054
A49: 6.3.1 | B49: 110519 | C49: JANELA DE CORRER EM MADEIRA E VENEZIANA | D49: SBC | E49: m² | F49: 8.66 | G49: 604.63 | H49: 724.64 | I49: 6275.38 | K49: 765.35 | L49: 917.27 | M49: 7943.56 | O49: =G49/K49 -> 0.79000457 | P49: =H49/L49 -> 0.7899964 | Q49: =I49/M49 -> 0.78999592
A50: 6.3.2 | B50: 110646 | C50: JANELA MADEIRA CORRER 1 FOLHA E VIDRO 3MM C/FERRAGENS | D50: SBC | E50: m² | F50: 0.54 | G50: 1372.72 | H50: 1645.2 | I50: 888.4 | K50: 1737.64 | L50: 2082.56 | M50: 1124.58 | O50: =G50/K50 -> 0.78999102 | P50: =H50/L50 -> 0.78998924 | Q50: =I50/M50 -> 0.78998382
A51: 6.3.3 | B51: 100668 | C51: JANELA DE MADEIRA (CEDRINHO/ANGELIM OU EQUIV.) TIPO MAXIM-AR, PARA VIDRO, COM BATENTE, ALIZAR E FERRAGENS. EXCLUSIVE VIDRO, ACABAMENTO E CONTRAMARCO. FORNECIMENTO E INSTALAÇÃO. AF_12/2019 | D51: SINAPI | E51: m² | F51: 17.82 | G51: 778.63 | H51: 933.18 | I51: 16629.26 | K51: 985.57 | L51: 1181.2 | M51: 21048.98 | O51: =G51/K51 -> 0.79003013 | P51: =H51/L51 -> 0.79002709 | Q51: =I51/M51 -> 0.79002688
A52: 6.3.4 | B52: 102158 | C52: INSTALAÇÃO DE VIDRO LISO INCOLOR, E = 8 MM, EM ESQUADRIA DE MADEIRA, FIXADO COM BAGUETE. AF_01/2021 | D52: SINAPI | E52: m² | F52: 17.82 | G52: 293.18 | H52: 351.37 | I52: 6261.41 | K52: 371.12 | L52: 444.78 | M52: 7925.98 | O52: =G52/K52 -> 0.78998707 | P52: =H52/L52 -> 0.78998606 | Q52: =I52/M52 -> 0.78998559
A53: 7 | C53: COBERTURA | I53: 73170.81 | M53: 92628.81 | Q53: =I53/M53 -> 0.78993577
A54: 7.1 | B54: 92543 | C54: TRAMA DE MADEIRA COMPOSTA POR TERÇAS PARA TELHADOS DE ATÉ 2 ÁGUAS PARA TELHA ONDULADA DE FIBROCIMENTO, METÁLICA, PLÁSTICA OU TERMOACÚSTICA, INCLUSO TRANSPORTE VERTICAL. AF_07/2019 | D54: SINAPI | E54: m² | F54: 867.88 | G54: 15.03 | H54: 18.01 | I54: 15630.51 | K54: 19.03 | L54: 22.8 | M54: 19787.66 | O54: =G54/K54 -> 0.78980557 | P54: =H54/L54 -> 0.78991228 | Q54: =I54/M54 -> 0.789912
A55: 7.2 | B55: 94207 | C55: TELHAMENTO COM TELHA ONDULADA DE FIBROCIMENTO E = 6 MM, COM RECOBRIMENTO LATERAL DE 1/4 DE ONDA PARA TELHADO COM INCLINAÇÃO MAIOR QUE 10°, COM ATÉ 2 ÁGUAS, INCLUSO IÇAMENTO. AF_07/2019 | D55: SINAPI | E55: m² | F55: 867.88 | G55: 43.16 | H55: 51.72 | I55: 44886.75 | K55: 54.63 | L55: 65.47 | M55: 56820.1 | O55: =G55/K55 -> 0.7900421 | P55: =H55/L55 -> 0.78998014 | Q55: =I55/M55 -> 0.78998013
A56: 7.3 | B56: 94219 | C56: CUMEEIRA E ESPIGÃO PARA TELHA CERÂMICA EMBOÇADA COM ARGAMASSA TRAÇO 1:2:9 (CIMENTO, CAL E AREIA), PARA TELHADOS COM MAIS DE 2 ÁGUAS, INCLUSO TRANSPORTE VERTICAL. AF_07/2019 | D56: SINAPI | E56: M | F56: 19.15 | G56: 21.56 | H56: 25.83 | I56: 494.64 | K56: 27.33 | L56: 32.75 | M56: 627.16 | O56: =G56/K56 -> 0.78887669 | P56: =H56/L56 -> 0.78870229 | Q56: =I56/M56 -> 0.78869826
A57: 7.4 | B57: 94228 | C57: CALHA EM CHAPA DE AÇO GALVANIZADO NÚMERO 24, DESENVOLVIMENTO DE 50 CM, INCLUSO TRANSPORTE VERTICAL. AF_07/2019 | D57: SINAPI | E57: M | F57: 173.55 | G57: 58.46 | H57: 70.06 | I57: 12158.91 | K57: 74.01 | L57: 88.7 | M57: 15393.89 | O57: =G57/K57 -> 0.78989326 | P57: =H57/L57 -> 0.78985344 | Q57: =I57/M57 -> 0.78985299
A58: 8 | C58: IMPERMEABILIZAÇÃO | I58: 25081.15 | M58: 31747.73 | Q58: =I58/M58 -> 0.79001396
A59: 8.1 | B59: 98546 | C59: IMPERMEABILIZAÇÃO DE SUPERFÍCIE COM MANTA ASFÁLTICA, UMA CAMADA, INCLUSIVE APLICAÇÃO DE PRIMER ASFÁLTICO, E=4MM. AF_09/2023 | D59: SINAPI | E59: m² | F59: 103.98 | G59: 110.17 | H59: 132.03 | I59: 13728.47 | K59: 139.46 | L59: 167.14 | M59: 17379.22 | O59: =G59/K59 -> 0.78997562 | P59: =H59/L59 -> 0.78993658 | Q59: =I59/M59 -> 0.78993591
A60: 8.2 | B60: 98557 | C60: IMPERMEABILIZAÇÃO DE SUPERFÍCIE COM EMULSÃO ASFÁLTICA, 2 DEMÃOS. AF_09/2023 | D60: SINAPI | E60: m² | F60: 251.11 | G60: 37.73 | H60: 45.21 | I60: 11352.68 | K60: 47.75 | L60: 57.22 | M60: 14368.51 | O60: =G60/K60 -> 0.79015707 | P60: =H60/L60 -> 0.79010835 | Q60: =I60/M60 -> 0.79010837
A61: 9 | C61: REVESTIMENTO DE PAREDES | I61: 149596.69 | M61: 189563.12 | Q61: =I61/M61 -> 0.78916558
A62: 9.1 | B62: 87879 | C62: CHAPISCO APLICADO EM ALVENARIAS E ESTRUTURAS DE CONCRETO INTERNAS, COM COLHER DE PEDREIRO. ARGAMASSA TRAÇO 1:3 COM PREPARO EM BETONEIRA 400L. AF_10/2022 | D62: SINAPI | E62: m² | F62: 1063.17 | G62: 3.11 | H62: 3.72 | I62: 3954.99 | K62: 3.95 | L62: 4.73 | M62: 5028.79 | O62: =G62/K62 -> 0.78734177 | P62: =H62/L62 -> 0.78646934 | Q62: =I62/M62 -> 0.78646951
A63: 9.2 | B63: 87894 | C63: CHAPISCO APLICADO EM ALVENARIA (SEM PRESENÇA DE VÃOS) E ESTRUTURAS DE CONCRETO DE FACHADA, COM COLHER DE PEDREIRO. ARGAMASSA TRAÇO 1:3 COM PREPARO EM BETONEIRA 400L. AF_10/2022 | D63: SINAPI | E63: m² | F63: 1225.72 | G63: 4.82 | H63: 5.77 | I63: 7072.4 | K63: 6.11 | L63: 7.32 | M63: 8972.27 | O63: =G63/K63 -> 0.7888707 | P63: =H63/L63 -> 0.78825137 | Q63: =I63/M63 -> 0.78825091
A64: 9.3 | B64: 87535 | C64: EMBOÇO, EM ARGAMASSA TRAÇO 1:2:8, PREPARO MECÂNICO, APLICADO MANUALMENTE EM PAREDES INTERNAS DE AMBIENTES COM ÁREA MAIOR QUE 10M², E = 17,5MM, COM TALISCAS. AF_03/2024 | D64: SINAPI | E64: m² | F64: 450.06 | G64: 23.03 | H64: 27.6 | I64: 12421.65 | K64: 29.2 | L64: 34.99 | M64: 15747.6 | O64: =G64/K64 -> 0.78869863 | P64: =H64/L64 -> 0.7887968 | Q64: =I64/M64 -> 0.78879639
A65: 9.4 | B65: 87529 | C65: MASSA ÚNICA, EM ARGAMASSA TRAÇO 1:2:8, PREPARO MECÂNICO, APLICADA MANUALMENTE EM PAREDES INTERNAS DE AMBIENTES COM ÁREA ENTRE 5M² E 10M², E = 17,5MM, COM TALISCAS. AF_03/2024 | D65: SINAPI | E65: m² | F65: 448.17 | G65: 25.69 | H65: 30.78 | I65: 13794.67 | K65: 32.58 | L65: 39.04 | M65: 17496.56 | O65: =G65/K65 -> 0.78852056 | P65: =H65/L65 -> 0.78842213 | Q65: =I65/M65 -> 0.78842184
A66: 9.5 | B66: 87775 | C66: EMBOÇO OU MASSA ÚNICA EM ARGAMASSA TRAÇO 1:2:8, PREPARO MECÂNICO COM BETONEIRA 400 L, APLICADA MANUALMENTE EM PANOS DE FACHADA COM PRESENÇA DE VÃOS, ESPESSURA DE 25 MM. AF_08/2022 | D66: SINAPI | E66: m² | F66: 1225.72 | G66: 38.51 | H66: 46.15 | I66: 56566.97 | K66: 48.79 | L66: 58.47 | M66: 71667.85 | O66: =G66/K66 -> 0.78930109 | P66: =H66/L66 -> 0.78929365 | Q66: =I66/M66 -> 0.78929353
A67: 9.6 | B67: 87275 | C67: REVESTIMENTO CERÂMICO PARA PAREDES INTERNAS COM PLACAS TIPO ESMALTADA EXTRA DE DIMENSÕES 33X45 CM APLICADAS A MEIA ALTURA DAS PAREDES. AF_02/2023_PE | D67: SINAPI | E67: m² | F67: 233.22 | G67: 61.74 | H67: 73.99 | I67: 17255.94 | K67: 78.2 | L67: 93.72 | M67: 21857.38 | O67: =G67/K67 -> 0.78951407 | P67: =H67/L67 -> 0.7894793 | Q67: =I67/M67 -> 0.78947889
A68: 9.7 | B68: 96113 | C68: FORRO EM PLACAS DE GESSO, PARA AMBIENTES COMERCIAIS. AF_08/2023_PS | D68: SINAPI | E68: m² | F68: 954.66 | G68: 33.68 | H68: 40.36 | I68: 38530.07 | K68: 42.65 | L68: 51.11 | M68: 48792.67 | O68: =G68/K68 -> 0.78968347 | P68: =H68/L68 -> 0.78966934 | Q68: =I68/M68 -> 0.78966923
A69: 10 | C69: PAVIMENTAÇÃO E VEGETAÇÃO | I69: 138402.06 | M69: 175201.32 | Q69: =I69/M69 -> 0.78996014
A70: 10.1 | B70: 98560 | C70: IMPERMEABILIZAÇÃO DE PISO COM ARGAMASSA DE CIMENTO E AREIA, COM ADITIVO IMPERMEABILIZANTE, E = 2CM. AF_06/2018 | D70: SINAPI | E70: m² | F70: 27.63 | G70: 36.4 | H70: 43.62 | I70: 1205.22 | K70: 46.14 | L70: 55.29 | M70: 1527.66 | O70: =G70/K70 -> 0.78890334 | P70: =H70/L70 -> 0.78893109 | Q70: =I70/M70 -> 0.78893209
A71: 10.2 | B71: 104162 | C71: PISO EM GRANILITE, MARMORITE OU GRANITINA EM AMBIENTES INTERNOS, COM ESPESSURA DE 8 MM, INCLUSO MISTURA EM BETONEIRA, COLOCAÇÃO DAS JUNTAS, APLICAÇÃO DO PISO, 4 POLIMENTOS COM POLITRIZ, ESTUCAMENTO, SELADOR E CERA. AF_06/2022 | D71: SINAPI | E71: m² | F71: 897.51 | G71: 70.95 | H71: 85.03 | I71: 76315.27 | K71: 89.74 | L71: 107.55 | M71: 96527.2 | O71: =G71/K71 -> 0.79061734 | P71: =H71/L71 -> 0.79060902 | Q71: =I71/M71 -> 0.79060897
A72: 10.3 | B72: 95241 | C72: LASTRO DE CONCRETO MAGRO, APLICADO EM PISOS, LAJES SOBRE SOLO OU RADIERS, ESPESSURA DE 5 CM. AF_01/2024 | D72: SINAPI | E72: m² | F72: 897.51 | G72: 26.48 | H72: 31.73 | I72: 28477.99 | K72: 33.59 | L72: 40.25 | M72: 36124.78 | O72: =G72/K72 -> 0.78832986 | P72: =H72/L72 -> 0.78832298 | Q72: =I72/M72 -> 0.78832286
A73: 10.4 | B73: 92396 | C73: EXECUÇÃO DE PASSEIO EM PISO INTERTRAVADO, COM BLOCO RETANGULAR COR NATURAL DE 20 X 10 CM, ESPESSURA 6 CM. AF_10/2022 | D73: SINAPI | E73: m² | F73: 183.7 | G73: 54.58 | H73: 65.41 | I73: 12015.81 | K73: 69.08 | L73: 82.79 | M73: 15208.52 | O73: =G73/K73 -> 0.79009844 | P73: =H73/L73 -> 0.79007126 | Q73: =I73/M73 -> 0.79007096
A74: 10.5 | B74: 87257 | C74: REVESTIMENTO CERÂMICO PARA PISO COM PLACAS TIPO ESMALTADA EXTRA DE DIMENSÕES 60X60 CM APLICADA EM AMBIENTES DE ÁREA MAIOR QUE 10 M2. AF_02/2023_PE | D74: SINAPI | E74: m² | F74: 74.73 | G74: 79.54 | H74: 95.32 | I74: 7123.26 | K74: 100.73 | L74: 120.72 | M74: 9021.41 | O74: =G74/K74 -> 0.78963566 | P74: =H74/L74 -> 0.78959576 | Q74: =I74/M74 -> 0.78959497
A75: 10.6 | B75: 98504 | C75: PLANTIO DE GRAMA BATATAIS EM PLACAS. AF_05/2018 | D75: SINAPI | E75: m² | F75: 879.61 | G75: 12.59 | H75: 15.08 | I75: 13264.51 | K75: 15.93 | L75: 19.09 | M75: 16791.75 | O75: =G75/K75 -> 0.79033271 | P75: =H75/L75 -> 0.78994238 | Q75: =I75/M75 -> 0.78994208
A76: 11 | C76: PINTURA | I76: 73378.22 | M76: 92947.98 | Q76: =I76/M76 -> 0.7894547
A77: 11.1 | B77: 96135 | C77: APLICAÇÃO MANUAL DE MASSA ACRÍLICA EM PAREDES EXTERNAS DE CASAS, DUAS DEMÃOS. AF_03/2024 | D77: SINAPI | E77: m² | F77: 1673.89 | G77: 20.78 | H77: 24.9 | I77: 41679.86 | K77: 26.31 | L77: 31.53 | M77: 52777.75 | O77: =G77/K77 -> 0.78981376 | P77: =H77/L77 -> 0.78972407 | Q77: =I77/M77 -> 0.78972408
A78: 11.2 | B78: 88488 | C78: PINTURA LÁTEX ACRÍLICA PREMIUM, APLICAÇÃO MANUAL EM TETO, DUAS DEMÃOS. AF_04/2023 | D78: SINAPI | E78: m² | F78: 954.66 | G78: 10.68 | H78: 12.79 | I78: 12210.1 | K78: 13.52 | L78: 16.2 | M78: 15465.49 | O78: =G78/K78 -> 0.78994083 | P78: =H78/L78 -> 0.78950617 | Q78: =I78/M78 -> 0.78950618
A79: 11.3 | B79: 88489 | C79: PINTURA LÁTEX ACRÍLICA PREMIUM, APLICAÇÃO MANUAL EM PAREDES, DUAS DEMÃOS. AF_04/2023 | D79: SINAPI | E79: m² | F79: 1673.86 | G79: 9.01 | H79: 10.79 | I79: 18060.94 | K79: 11.42 | L79: 13.68 | M79: 22898.4 | O79: =G79/K79 -> 0.78896673 | P79: =H79/L79 -> 0.78874269 | Q79: =I79/M79 -> 0.78874244
A80: 11.4 | B80: 102217 | C80: PINTURA TINTA DE ACABAMENTO (PIGMENTADA) A ÓLEO EM MADEIRA, 2 DEMÃOS. AF_01/2021 | D80: SINAPI | E80: m² | F80: 100.8 | G80: 11.82 | H80: 14.16 | I80: 1427.32 | K80: 14.96 | L80: 17.92 | M80: 1806.34 | O80: =G80/K80 -> 0.79010695 | P80: =H80/L80 -> 0.79017857 | Q80: =I80/M80 -> 0.79017239
A81: 12 | C81: INSTALAÇÕES ELÉTRICAS | I81: 33083.58 | M81: 41900.45 | Q81: =I81/M81 -> 0.78957577
A82: 12.1 | B82: 101509 | C82: ENTRADA DE ENERGIA ELÉTRICA, AÉREA, TRIFÁSICA, COM CAIXA DE EMBUTIR, CABO DE 10 MM2 E DISJUNTOR DIN 50A (NÃO INCLUSO O POSTE DE CONCRETO). AF_07/2020_PS | D82: SINAPI | E82: UN | F82: 1 | G82: 1400.11 | H82: 1678.03 | I82: 1678.03 | K82: 1772.77 | L82: 2124.66 | M82: 2124.66 | O82: =G82/K82 -> 0.78978661 | P82: =H82/L82 -> 0.78978754 | Q82: =I82/M82 -> 0.78978754
A83: 12.2 | B83: 101883 | C83: QUADRO DE DISTRIBUIÇÃO DE ENERGIA EM CHAPA DE AÇO GALVANIZADO, DE EMBUTIR, COM BARRAMENTO TRIFÁSICO, PARA 18 DISJUNTORES DIN 100A - FORNECIMENTO E INSTALAÇÃO. AF_10/2020 | D83: SINAPI | E83: UN | F83: 1 | G83: 357.1 | H83: 427.98 | I83: 427.98 | K83: 452.05 | L83: 541.78 | M83: 541.78 | O83: =G83/K83 -> 0.78995686 | P83: =H83/L83 -> 0.78995164 | Q83: =I83/M83 -> 0.78995164
A84: 12.3 | B84: 93656 | C84: DISJUNTOR MONOPOLAR TIPO DIN, CORRENTE NOMINAL DE 25A - FORNECIMENTO E INSTALAÇÃO. AF_10/2020 | D84: SINAPI | E84: UN | F84: 12 | G84: 9.83 | H84: 11.78 | I84: 141.36 | K84: 12.44 | L84: 14.9 | M84: 178.8 | O84: =G84/K84 -> 0.79019293 | P84: =H84/L84 -> 0.79060403 | Q84: =I84/M84 -> 0.79060403
A85: 12.4 | B85: 104475 | C85: COMPOSIÇÃO PARAMÉTRICA DE PONTO ELÉTRICO DE TOMADA DE USO GERAL 2P+T (10A/250V) EM EDIFÍCIO RESIDENCIAL COM ELETRODUTO EMBUTIDO EM RASGOS NAS PAREDES, INCLUSO TOMADA, ELETRODUTO, CABO, RASGO, QUEBRA E CHUMBAMENTO. AF_11/2022 | D85: SINAPI | E85: UN | F85: 40 | G85: 103.07 | H85: 123.52 | I85: 4940.8 | K85: 130.64 | L85: 156.57 | M85: 6262.8 | O85: =G85/K85 -> 0.78896203 | P85: =H85/L85 -> 0.78891231 | Q85: =I85/M85 -> 0.78891231
A86: 12.5 | B86: 104476 | C86: COMPOSIÇÃO PARAMÉTRICA DE PONTO ELÉTRICO DE TOMADA DE USO ESPECÍFICO 2P+T (20A/250V) EM EDIFÍCIO RESIDENCIAL COM ELETRODUTO EMBUTIDO EM RASGOS NAS PAREDES, INCLUSO TOMADA, ELETRODUTO, CABO, RASGO, QUEBRA E CHUMBAMENTO (EXCETO CHUVEIRO). AF_11/2022 | D86: SINAPI | E86: UN | F86: 20 | G86: 131.79 | H86: 157.95 | I86: 3159 | K86: 167 | L86: 200.14 | M86: 4002.8 | O86: =G86/K86 -> 0.78916168 | P86: =H86/L86 -> 0.78919756 | Q86: =I86/M86 -> 0.78919756
A87: 12.6 | B87: 104473 | C87: COMPOSIÇÃO PARAMÉTRICA DE PONTO ELÉTRICO DE ILUMINAÇÃO, COM INTERRUPTOR SIMPLES, EM EDIFÍCIO RESIDENCIAL COM ELETRODUTO EMBUTIDO EM RASGOS NAS PAREDES, INCLUSO TOMADA, ELETRODUTO, CABO, RASGO E CHUMBAMENTO (SEM LUMINÁRIA E LÂMPADA). AF_11/2022 | D87: SINAPI | E87: UN | F87: 36 | G87: 118.53 | H87: 142.05 | I87: 5113.8 | K87: 150.17 | L87: 179.97 | M87: 6478.92 | O87: =G87/K87 -> 0.78930545 | P87: =H87/L87 -> 0.78929822 | Q87: =I87/M87 -> 0.78929822
A88: 12.7 | B88: 92023 | C88: INTERRUPTOR SIMPLES (1 MÓDULO) COM 1 TOMADA DE EMBUTIR 2P+T 10 A, INCLUINDO SUPORTE E PLACA - FORNECIMENTO E INSTALAÇÃO. AF_03/2023 | D88: SINAPI | E88: UN | F88: 30 | G88: 35.13 | H88: 42.1 | I88: 1263 | K88: 44.49 | L88: 53.32 | M88: 1599.6 | O88: =G88/K88 -> 0.78961564 | P88: =H88/L88 -> 0.78957239 | Q88: =I88/M88 -> 0.78957239
A89: 12.8 | B89: 92865 | C89: CAIXA OCTOGONAL 4" X 4", METÁLICA, INSTALADA EM LAJE - FORNECIMENTO E INSTALAÇÃO. AF_03/2023 | D89: SINAPI | E89: UN | F89: 107 | G89: 10.15 | H89: 12.16 | I89: 1301.12 | K89: 12.86 | L89: 15.41 | M89: 1648.87 | O89: =G89/K89 -> 0.78926905 | P89: =H89/L89 -> 0.78909799 | Q89: =I89/M89 -> 0.78909799
A90: 12.9 | B90: 100903 | C90: LÂMPADA TUBULAR LED DE 18/20 W, BASE G13 - FORNECIMENTO E INSTALAÇÃO. AF_02/2020_PS | D90: SINAPI | E90: UN | F90: 19 | G90: 18.14 | H90: 21.74 | I90: 413.06 | K90: 22.98 | L90: 27.54 | M90: 523.26 | O90: =G90/K90 -> 0.78938207 | P90: =H90/L90 -> 0.78939724 | Q90: =I90/M90 -> 0.78939724
A91: 12.10 | B91: 71649 | C91: LUMINÁRIA PLAFON LED QUADRADA DE EMBUTIR, 30W, 40X40 CM (MEDIDAS APROXIMADAS) - INCLUSO CORTE NO FORRO | D91: AGETOP CIVIL | E91: un | F91: 7 | G91: 108.66 | H91: 130.22 | I91: 911.54 | K91: 137.55 | L91: 164.85 | M91: 1153.95 | O91: =G91/K91 -> 0.78996728 | P91: =H91/L91 -> 0.78993024 | Q91: =I91/M91 -> 0.78993024
A92: 12.11 | B92: 71645 | C92: LUMINÁRIA TIPO PLAFON DE SOBREPOR REDONDA PARA 02 LÂMPADAS | D92: AGETOP CIVIL | E92: un | F92: 51 | G92: 126.2 | H92: 151.25 | I92: 7713.75 | K92: 159.75 | L92: 191.46 | M92: 9764.46 | O92: =G92/K92 -> 0.78998435 | P92: =H92/L92 -> 0.78998224 | Q92: =I92/M92 -> 0.78998224
A93: 12.12 | B93: 71647 | C93: LUMINÁRIA PLAFON LED QUADRADA DE EMBUTIR, 18W, 20X20 CM (MEDIDAS APROXIMADAS) - INCLUSO CORTE NO FORRO | D93: AGETOP CIVIL | E93: un | F93: 30 | G93: 34.92 | H93: 41.85 | I93: 1255.5 | K93: 44.21 | L93: 52.98 | M93: 1589.4 | O93: =G93/K93 -> 0.78986655 | P93: =H93/L93 -> 0.78992072 | Q93: =I93/M93 -> 0.78992072
... A96: 12.15 | B96: 60641 | C96: BALIZADOR SPOT LED 3W BRANCO MORNO PARA PISO | D96: SBC | E96: UN | F96: 9 | G96: 75.03 | H96: 89.92 | I96: 809.28 | K96: 94.97 | L96: 113.82 | M96: 1024.38 | O96: =G96/K96 -> 0.79003896 | P96: =H96/L96 -> 0.79001933 | Q96: =I96/M96 -> 0.79001933
A97: 13 | C97: INSTALAÇÕES HIDRÁULICAS | I97: 16164.29 | M97: 20541.56 | Q97: =I97/M97 -> 0.78690664
A98: 13.1 | C98: CASTELO D'ÁGUA INSTALAÇÃO | I98: 6199.13 | M98: 7918.9 | Q98: =I98/M98 -> 0.78282716
A99: 13.1.1 | B99: 94793 | C99: REGISTRO DE GAVETA BRUTO, LATÃO, ROSCÁVEL, 1 1/4", COM ACABAMENTO E CANOPLA CROMADOS - FORNECIMENTO E INSTALAÇÃO. AF_08/2021 | D99: SINAPI | E99: UN | F99: 4 | G99: 138.41 | H99: 165.88 | I99: 663.52 | K99: 175.22 | L99: 210 | M99: 840 | O99: =G99/K99 -> 0.78992124 | P99: =H99/L99 -> 0.78990476 | Q99: =I99/M99 -> 0.78990476
A100: 13.1.2 | B100: 94495 | C100: REGISTRO DE GAVETA BRUTO, LATÃO, ROSCÁVEL, 1" - FORNECIMENTO E INSTALAÇÃO. AF_08/2021 | D100: SINAPI | E100: UN | F100: 2 | G100: 53.64 | H100: 64.28 | I100: 128.56 | K100: 67.91 | L100: 81.39 | M100: 162.78 | O100: =G100/K100 -> 0.78986894 | P100: =H100/L100 -> 0.78977761 | Q100: =I100/M100 -> 0.78977761
A101: 13.1.3 | B101: 94785 | C101: ADAPTADOR COM FLANGES LIVRES, PVC, SOLDÁVEL LONGO, DN 32 MM X 1 , INSTALADO EM RESERVAÇÃO DE ÁGUA DE EDIFICAÇÃO QUE POSSUA RESERVATÓRIO DE FIBRA/FIBROCIMENTO FORNECIMENTO E INSTALAÇÃO. AF_06/2016 | D101: SINAPI | E101: UN | F101: 2 | G101: 17.74 | H101: 21.26 | I101: 42.52 | K101: 22.46 | L101: 26.91 | M101: 53.82 | O101: =G101/K101 -> 0.78984862 | P101: =H101/L101 -> 0.79004088 | Q101: =I101/M101 -> 0.79004088
A102: 13.1.4 | B102: 102617 | C102: CAIXA D´ÁGUA EM POLIÉSTER REFORÇADO COM FIBRA DE VIDRO, 5000 LITROS - FORNECIMENTO E INSTALAÇÃO. AF_06/2021 | D102: SINAPI | E102: UN | F102: 1 | G102: 2852.96 | H102: 3419.27 | I102: 3419.27 | K102: 3672.98 | L102: 4402.06 | M102: 4402.06 | O102: =G102/K102 -> 0.77674259 | P102: =H102/L102 -> 0.77674316 | Q102: =I102/M102 -> 0.77674316
A103: 13.1.5 | B103: RES.AG.3000L | C103: [ADAPTAÇÃO SINAPI 102615] CAIXA D´ÁGUA EM POLIÉSTER REFORÇADO COM FIBRA DE VIDRO, 3000 LITROS - FORNECIMENTO E INSTALAÇÃO. AF_06/2021 | D103: Próprio | E103: UND | F103: 1 | G103: 1623.08 | H103: 1945.26 | I103: 1945.26 | K103: 2052.77 | L103: 2460.24 | M103: 2460.24 | O103: =G103/K103 -> 0.79067796 | P103: =H103/L103 -> 0.79067896 | Q103: =I103/M103 -> 0.79067896
...

Sheet CPU
C1: Obra | E1: Bancos | G1: B.D.I. | I1: Encargos Sociais
C2: CONSTRUÇÃO DE ESCOLA 8 SALAS | E2: =[51]ORÇ!E14 -> SINAPI - 05/2024; SBC - 06/2024; ORSE - 04/2024; IOPES - 03/2024; AGESUL - 01/2024; AGETOP CIVIL - 02/2024; CAEMA - 12/2023 | G2: 19,85% | I2: Não Desonerado: embutido nos preços unitário dos insumos de mão de obra, de acordo com as bases.
A3: Planilha Orçamentária Analítica
A4: 1 | D4: SERVIÇOS PRELIMINARES | J4: 31770.63
A5: 1.1 | B5: Código | C5: Banco | D5: Descrição | E5: Tipo | G5: Und | H5: Quant. | I5: Valor Unit | J5: Total
A6: Composição | B6: 103689 | C6: SINAPI | D6: FORNECIMENTO E INSTALAÇÃO DE PLACA DE OBRA COM CHAPA GALVANIZADA E ESTRUTURA DE MADEIRA. AF_03/2022_PS | E6: PAVI - PAVIMENTAÇÃO | G6: m² | H6: 1 | I6: 249.65 | J6: 249.65
A7: Composição Auxiliar | B7: 102234 | C7: SINAPI | D7: PINTURA IMUNIZANTE PARA MADEIRA, 2 DEMÃOS. AF_01/2021 | E7: PINT - PINTURAS | G7: m² | H7: 0.5 | I7: 18.59 | J7: 9.29
A8: Composição Auxiliar | B8: 88262 | C8: SINAPI | D8: CARPINTEIRO DE FORMAS COM ENCARGOS COMPLEMENTARES | E8: SEDI - SERVIÇOS DIVERSOS | G8: H | H8: 0.3729 | I8: 19.05 | J8: 7.1
A9: Composição Auxiliar | B9: 88316 | C9: SINAPI | D9: SERVENTE COM ENCARGOS COMPLEMENTARES | E9: SEDI - SERVIÇOS DIVERSOS | G9: H | H9: 1.1186 | I9: 15.22 | J9: 17.02
A10: Insumo | B10: 00004509 | C10: SINAPI | D10: SARRAFO *2,5 X 10* CM EM PINUS, MISTA OU EQUIVALENTE DA REGIAO - BRUTA | E10: Material | G10: M | H10: 3.2083 | I10: 5.67 | J10: 18.19
A11: Insumo | B11: 00004813 | C11: SINAPI | D11: PLACA DE OBRA (PARA CONSTRUCAO CIVIL) EM CHAPA GALVANIZADA *N. 22*, ADESIVADA, DE *2,4 X 1,2* M (SEM POSTES PARA FIXACAO) | E11: Material | G11: m² | H11: 1 | I11: 197.5 | J11: 197.5
A12: Insumo | B12: 00005065 | C12: SINAPI | D12: PREGO DE ACO POLIDO COM CABECA 10 X 10 (7/8 X 17) | E12: Material | G12: KG | H12: 0.0113 | I12: 30.57 | J12: 0.34
A13: Insumo | B13: 00005069 | C13: SINAPI | D13: PREGO DE ACO POLIDO COM CABECA 17 X 27 (2 1/2 X 11) | E13: Material | G13: KG | H13: 0.0132 | I13: 16.38 | J13: 0.21
E14: MO sem LS => | F14: 21.61 | G14: LS => | H14: 0 | I14: MO com LS => | J14: 21.61
E15: Valor do BDI => | F15: 49.55 | H15: Valor com BDI => | J15: 299.2
G16: Quant. => | H16: 8 | I16: Preço Total => | J16: 2393.6
A18: 1.2 | B18: Código | C18: Banco | D18: Descrição | E18: Tipo | G18: Und | H18: Quant. | I18: Valor Unit | J18: Total
A19: Composição | B19: 93584 | C19: SINAPI | D19: EXECUÇÃO DE DEPÓSITO EM CANTEIRO DE OBRA EM CHAPA DE MADEIRA COMPENSADA, NÃO INCLUSO MOBILIÁRIO. AF_04/2016 | E19: CANT - CANTEIRO DE OBRAS | G19: m² | H19: 1 | I19: 583.95 | J19: 583.95
A20: Composição Auxiliar | B20: 101165 | C20: SINAPI | D20: ALVENARIA DE EMBASAMENTO COM BLOCO ESTRUTURAL DE CONCRETO, DE 14X19X29CM E ARGAMASSA DE ASSENTAMENTO COM PREPARO EM BETONEIRA. AF_05/2020 | E20: FUES - FUNDAÇÕES E ESTRUTURAS | G20: m³ | H20: 0.0417 | I20: 705.9 | J20: 29.43
A21: Composição Auxiliar | B21: 88489 | C21: SINAPI | D21: PINTURA LÁTEX ACRÍLICA PREMIUM, APLICAÇÃO MANUAL EM PAREDES, DUAS DEMÃOS. AF_04/2023 | E21: PINT - PINTURAS | G21: m² | H21: 5.0649 | I21: 9.01 | J21: 45.63
A22: Composição Auxiliar | B22: 91170 | C22: SINAPI | D22: FIXAÇÃO DE TUBOS HORIZONTAIS DE PVC ÁGUA, PVC ESGOTO, PVC ÁGUA PLUVIAL, CPVC, PPR, COBRE OU AÇO, DIÂMETROS MENORES OU IGUAIS A 40 MM, COM ABRAÇADEIRA METÁLICA RÍGIDA TIPO U PERFIL 1 1/4", FIXADA EM PERFILADO EM LAJE. AF_09/2023_PS | E22: INHI - INSTALAÇÕES HIDROS SANITÁRIAS | G22: M | H22: 0.1325 | I22: 7.51 | J22: 0.99
A23: Composição Auxiliar | B23: 91173 | C23: SINAPI | D23: FIXAÇÃO DE TUBOS VERTICAIS DE PVC ÁGUA, PVC ESGOTO, PVC ÁGUA PLUVIAL, CPVC, PPR, COBRE OU AÇO, DIÂMETROS MENORES OU IGUAIS A 40 MM, COM ABRAÇADEIRA METÁLICA RÍGIDA TIPO U PERFIL 1 1/4", FIXADA EM PERFILADO EM PAREDE. AF_09/2023_PS | E23: INHI - INSTALAÇÕES HIDROS SANITÁRIAS | G23: M | H23: 0.1722 | I23: 2.8 | J23: 0.48
A24: Composição Auxiliar | B24: 91341 | C24: SINAPI | D24: PORTA EM ALUMÍNIO DE ABRIR TIPO VENEZIANA COM GUARNIÇÃO, FIXAÇÃO COM PARAFUSOS - FORNECIMENTO E INSTALAÇÃO. AF_12/2019 | E24: ESQV - ESQUADRIAS/FERRAGENS/VIDROS | G24: m² | H24: 0.153 | I24: 536.55 | J24: 82.09
A25: Composição Auxiliar | B25: 91852 | C25: SINAPI | D25: ELETRODUTO FLEXÍVEL CORRUGADO, PVC, DN 20 MM (1/2"), PARA CIRCUITOS TERMINAIS, INSTALADO EM PAREDE - FORNECIMENTO E INSTALAÇÃO. AF_03/2023 | E25: INEL - INSTALAÇÃO ELÉTRICA/ELETRIFICAÇÃO E ILUMINAÇÃO EXTERNA | G25: M | H25: 0.0662 | I25: 6.41 | J25: 0.42
A26: Composição Auxiliar | B26: 91862 | C26: SINAPI | D26: ELETRODUTO RÍGIDO ROSCÁVEL, PVC, DN 20 MM (1/2"), PARA CIRCUITOS TERMINAIS, INSTALADO EM FORRO - FORNECIMENTO E INSTALAÇÃO. AF_03/2023 | E26: INEL - INSTALAÇÃO ELÉTRICA/ELETRIFICAÇÃO E ILUMINAÇÃO EXTERNA | G26: M | H26: 0.1325 | I26: 7.03 | J26: 0.93
A27: Composição Auxiliar | B27: 91870 | C27: SINAPI | D27: ELETRODUTO RÍGIDO ROSCÁVEL, PVC, DN 20 MM (1/2"), PARA CIRCUITOS TERMINAIS, INSTALADO EM PAREDE - FORNECIMENTO E INSTALAÇÃO. AF_03/2023 | E27: INEL - INSTALAÇÃO ELÉTRICA/ELETRIFICAÇÃO E ILUMINAÇÃO EXTERNA | G27: M | H27: 0.1722 | I27: 9.11 | J27: 1.56
A28: Composição Auxiliar | B28: 91924 | C28: SINAPI | D28: CABO DE COBRE FLEXÍVEL ISOLADO, 1,5 MM², ANTI-CHAMA 450/750 V, PARA CIRCUITOS TERMINAIS - FORNECIMENTO E INSTALAÇÃO. AF_03/2023 | E28: INEL - INSTALAÇÃO ELÉTRICA/ELETRIFICAÇÃO E ILUMINAÇÃO EXTERNA | G28: M | H28: 0.6755 | I28: 2.24 | J28: 1.51
A29: Composição Auxiliar | B29: 92023 | C29: SINAPI | D29: INTERRUPTOR SIMPLES (1 MÓDULO) COM 1 TOMADA DE EMBUTIR 2P+T 10 A, INCLUINDO SUPORTE E PLACA - FORNECIMENTO E INSTALAÇÃO. AF_03/2023 | E29: INEL - INSTALAÇÃO ELÉTRICA/ELETRIFICAÇÃO E ILUMINAÇÃO EXTERNA | G29: UN | H29: 0.0662 | I29: 35.13 | J29: 2.32
A30: Composição Auxiliar | B30: 92543 | C30: SINAPI | D30: TRAMA DE MADEIRA COMPOSTA POR TERÇAS PARA TELHADOS DE ATÉ 2 ÁGUAS PARA TELHA ONDULADA DE FIBROCIMENTO, METÁLICA, PLÁSTICA OU TERMOACÚSTICA, INCLUSO TRANSPORTE VERTICAL. AF_07/2019 | E30: COBE - COBERTURA | G30: m² | H30: 1.7192 | I30: 15.03 | J30: 25.83
... A43: Insumo | B43: 00011455 | C43: SINAPI | D43: FERROLHO COM FECHO / TRINCO REDONDO, EM ACO GALVANIZADO / ZINCADO, DE SOBREPOR, COM COMPRIMENTO DE 8" E ESPESSURA MINIMA DA CHAPA DE 1,50 MM | E43: Material | G43: UN | H43: 0.0662 | I43: 13.86 | J43: 0.91
E44: MO sem LS => | F44: 126.04 | G44: LS => | H44: 0 | I44: MO com LS => | J44: 126.04
E45: Valor do BDI => | F45: 115.91 | H45: Valor com BDI => | J45: 699.86
G46: Quant. => | H46: 15 | I46: Preço Total => | J46: 10497.9
A48: 1.3 | B48: Código | C48: Banco | D48: Descrição | E48: Tipo | G48: Und | H48: Quant. | I48: Valor Unit | J48: Total
A49: Composição | B49: 99059 | C49: SINAPI | D49: LOCAÇÃO CONVENCIONAL DE OBRA, UTILIZANDO GABARITO DE TÁBUAS CORRIDAS PONTALETADAS A CADA 2,00M - 2 UTILIZAÇÕES. AF_03/2024 | E49: SERT - SERVIÇOS TÉCNICOS | G49: M | H49: 1 | I49: 46.51 | J49: 46.51
A50: Composição Auxiliar | B50: 88239 | C50: SINAPI | D50: AJUDANTE DE CARPINTEIRO COM ENCARGOS COMPLEMENTARES | E50: SEDI - SERVIÇOS DIVERSOS | G50: H | H50: 0.7247 | I50: 15.75 | J50: 11.41
A51: Composição Auxiliar | B51: 88262 | C51: SINAPI | D51: CARPINTEIRO DE FORMAS COM ENCARGOS COMPLEMENTARES | E51: SEDI - SERVIÇOS DIVERSOS | G51: H | H51: 0.7247 | I51: 19.05 | J51: 13.8
A52: Composição Auxiliar | B52: 91692 | C52: SINAPI | D52: SERRA CIRCULAR DE BANCADA COM MOTOR ELÉTRICO POTÊNCIA DE 5HP, COM COIFA PARA DISCO 10" - CHP DIURNO. AF_08/2015 | E52: CHOR - CUSTOS HORÁRIOS DE MÁQUINAS E EQUIPAMENTOS | G52: CHP | H52: 0.007 | I52: 19.06 | J52: 0.13
A53: Composição Auxiliar | B53: 91693 | C53: SINAPI | D53: SERRA CIRCULAR DE BANCADA COM MOTOR ELÉTRICO POTÊNCIA DE 5HP, COM COIFA PARA DISCO 10" - CHI DIURNO. AF_08/2015 | E53: CHOR - CUSTOS HORÁRIOS DE MÁQUINAS E EQUIPAMENTOS | G53: CHI | H53: 0.028 | I53: 18.23 | J53: 0.51
A54: Composição Auxiliar | B54: 94974 | C54: SINAPI | D54: CONCRETO MAGRO PARA LASTRO, TRAÇO 1:4,5:4,5 (EM MASSA SECA DE CIMENTO/ AREIA MÉDIA/ BRITA 1) - PREPARO MANUAL. AF_05/2021 | E54: FUES - FUNDAÇÕES E ESTRUTURAS | G54: m³ | H54: 0.004 | I54: 341.58 | J54: 1.36
A55: Insumo | B55: 00004417 | C55: SINAPI | D55: SARRAFO NAO APARELHADO *2,5 X 7* CM, EM MACARANDUBA/MASSARANDUBA, ANGELIM, PEROBA-ROSA OU EQUIVALENTE DA REGIAO - BRUTA | E55: Material | G55: M | H55: 0.7445 | I55: 4.51 | J55: 3.35
A56: Insumo | B56: 00004433 | C56: SINAPI | D56: CAIBRO NAO APARELHADO *6 X 6* CM, EM MACARANDUBA/MASSARANDUBA, ANGELIM OU EQUIVALENTE DA REGIAO - BRUTA | E56: Material | G56: M | H56: 0.4125 | I56: 16.22 | J56: 6.69
A57: Insumo | B57: 00005068 | C57: SINAPI | D57: PREGO DE ACO POLIDO COM CABECA 17 X 21 (2 X 11) | E57: Material | G57: KG | H57: 0.111 | I57: 16.07 | J57: 1.78
A58: Insumo | B58: 00007356 | C58: SINAPI | D58: TINTA LATEX ACRILICA PREMIUM, COR BRANCO FOSCO | E58: Material | G58: L | H58: 0.0256 | I58: 20.99 | J58: 0.53
A59: Insumo | B59: 00010567 | C59: SINAPI | D59: TABUA *2,5 X 23* CM EM PINUS, MISTA OU EQUIVALENTE DA REGIAO - BRUTA | E59: Material | G59: M | H59: 0.55 | I59: 12.64 | J59: 6.95
E60: MO sem LS => | F60: 20.18 | G60: LS => | H60: 0 | I60: MO com LS => | J60: 20.18
E61: Valor do BDI => | F61: 9.23 | H61: Valor com BDI => | J61: 55.74
G62: Quant. => | H62: 338.7 | I62: Preço Total => | J62: 18879.13
A64: 2 | D64: MOVIMENTO DE TERRA | J64: 25435.38
A65: 2.1 | B65: Código | C65: Banco | D65: Descrição | E65: Tipo | G65: Und | H65: Quant. | I65: Valor Unit | J65: Total
A66: Composição | B66: 93358 | C66: SINAPI | D66: ESCAVAÇÃO MANUAL DE VALA COM PROFUNDIDADE MENOR OU IGUAL A 1,30 M. AF_02/2021 | E66: MOVT - MOVIMENTO DE TERRA | G66: m³ | H66: 1 | I66: 60.21 | J66: 60.21
A67: Composição Auxiliar | B67: 88316 | C67: SINAPI | D67: SERVENTE COM ENCARGOS COMPLEMENTARES | E67: SEDI - SERVIÇOS DIVERSOS | G67: H | H67: 3.956 | I67: 15.22 | J67: 60.21
E68: MO sem LS => | F68: 44.26 | G68: LS => | H68: 0 | I68: MO com LS => | J68: 44.26
E69: Valor do BDI => | F69: 11.95 | H69: Valor com BDI => | J69: 72.16
G70: Quant. => | H70: 56.9 | I70: Preço Total => | J70: 4105.9
A72: 2.2 | B72: Código | C72: Banco | D72: Descrição | E72: Tipo | G72: Und | H72: Quant. | I72: Valor Unit | J72: Total
A73: Composição | B73: 96995 | C73: SINAPI | D73: REATERRO MANUAL APILOADO COM SOQUETE. AF_10/2017 | E73: MOVT - MOVIMENTO DE TERRA | G73: m³ | H73: 1 | I73: 36.5 | J73: 36.5
A74: Composição Auxiliar | B74: 88316 | C74: SINAPI | D74: SERVENTE COM ENCARGOS COMPLEMENTARES | E74: SEDI - SERVIÇOS DIVERSOS | G74: H | H74: 2.3986 | I74: 15.22 | J74: 36.5
E75: MO sem LS => | F75: 26.84 | G75: LS => | H75: 0 | I75: MO com LS => | J75: 26.84
E76: Valor do BDI => | F76: 7.24 | H76: Valor com BDI => | J76: 43.74
G77: Quant. => | H77: 8.43 | I77: Preço Total => | J77: 368.72
A79: 2.3 | B79: Código | C79: Banco | D79: Descrição | E79: Tipo | G79: Und | H79: Quant. | I79: Valor Unit | J79: Total
A80: Composição | B80: PRÓPRIO - EMB. RACHAO | C80: Próprio | D80: [Adaptação SINAPI 101166] ALVENARIA DE EMBASAMENTO COM PEDRA RACHÃO E ARGAMASSA DE ASSENTAMENTO COM PREPARO EM BETONEIRA. AF_05/2020 | E80: Alvenarias Diversas | G80: m³ | H80: 1 | I80: 341.72 | J80: 341.72
A81: Composição Auxiliar | B81: 88316 | C81: SINAPI | D81: SERVENTE COM ENCARGOS COMPLEMENTARES | E81: SEDI - SERVIÇOS DIVERSOS | G81: H | H81: 3.172 | I81: 15.22 | J81: 48.27
A82: Composição Auxiliar | B82: 88309 | C82: SINAPI | D82: PEDREIRO COM ENCARGOS COMPLEMENTARES | E82: SEDI - SERVIÇOS DIVERSOS | G82: H | H82: 6.344 | I82: 19.45 | J82: 123.39
A83: Composição Auxiliar | B83: 87292 | C83: SINAPI | D83: ARGAMASSA TRAÇO 1:2:8 (EM VOLUME DE CIMENTO, CAL E AREIA MÉDIA ÚMIDA) PARA EMBOÇO/MASSA ÚNICA/ASSENTAMENTO DE ALVENARIA DE VEDAÇÃO, PREPARO MECÂNICO COM BETONEIRA 400 L. AF_08/2019 | E83: SEDI - SERVIÇOS DIVERSOS | G83: m³ | H83: 0.13 | I83: 425.16 | J83: 55.27
A84: Insumo | B84: 00004730 | C84: SINAPI | D84: PEDRA DE MAO OU PEDRA RACHAO PARA ARRIMO/FUNDACAO (POSTO PEDREIRA/FORNECEDOR, SEM FRETE) | E84: Material | G84: m³ | H84: 114.79 | I84: 1 | J84: 114.79
E85: MO sem LS => | F85: 138.24 | G85: LS => | H85: 0 | I85: MO com LS => | J85: 138.24
E86: Valor do BDI => | F86: 67.83 | H86: Valor com BDI => | J86: 409.55
G87: Quant. => | H87: 51.18 | I87: Preço Total => | J87: 20960.76
A89: 3 | D89: ESTRUTURA - FUNDAÇÕES E EMBASAMENTO | J89: 125676.4
A90: 3.1 | D90: CONCRETO ARMADO PARA FUNDAÇÕES - SAPATAS | J90: 53542.47
A91: 3.1.1 | B91: Código | C91: Banco | D91: Descrição | E91: Tipo | G91: Und | H91: Quant. | I91: Valor Unit | J91: Total
A92: Composição | B92: 96616 | C92: SINAPI | D92: LASTRO DE CONCRETO MAGRO, APLICADO EM BLOCOS DE COROAMENTO OU SAPATAS. AF_01/2024 | E92: FUES - FUNDAÇÕES E ESTRUTURAS | G92: m³ | H92: 1 | I92: 572.33 | J92: 572.33
A93: Composição Auxiliar | B93: 88309 | C93: SINAPI | D93: PEDREIRO COM ENCARGOS COMPLEMENTARES | E93: SEDI - SERVIÇOS DIVERSOS | G93: H | H93: 6.781 | I93: 19.45 | J93: 131.89
A94: Composição Auxiliar | B94: 88316 | C94: SINAPI | D94: SERVENTE COM ENCARGOS COMPLEMENTARES | E94: SEDI - SERVIÇOS DIVERSOS | G94: H | H94: 2.453 | I94: 15.22 | J94: 37.33
A95: Composição Auxiliar | B95: 94968 | C95: SINAPI | D95: CONCRETO MAGRO PARA LASTRO, TRAÇO 1:4,5:4,5 (EM MASSA SECA DE CIMENTO/ AREIA MÉDIA/ BRITA 1) - PREPARO MECÂNICO COM BETONEIRA 600 L. AF_05/2021 | E95: FUES - FUNDAÇÕES E ESTRUTURAS | G95: m³ | H95: 1.38 | I95: 292.11 | J95: 403.11
E96: MO sem LS => | F96: 181.3 | G96: LS => | H96: 0 | I96: MO com LS => | J96: 181.3
E97: Valor do BDI => | F97: 113.6 | H97: Valor com BDI => | J97: 685.93
G98: Quant. => | H98: 1.15 | I98: Preço Total => | J98: 788.81
A100: 3.1.2 | B100: Código | C100: Banco | D100: Descrição | E100: Tipo | G100: Und | H100: Quant. | I100: Valor Unit | J100: Total
A101: Composição | B101: 95957 | C101: SINAPI | D101: (COMPOSIÇÃO REPRESENTATIVA) EXECUÇÃO DE ESTRUTURAS DE CONCRETO ARMADO, PARA EDIFICAÇÃO INSTITUCIONAL TÉRREA, FCK = 25 MPA. AF_01/2017 | E101: FUES - FUNDAÇÕES E ESTRUTURAS | G101: m³ | H101: 1 | I101: 2388.31 | J101: 2388.31
A102: Composição Auxiliar | B102: 103673 | C102: SINAPI | D102: LANÇAMENTO COM USO DE BOMBA, ADENSAMENTO E ACABAMENTO DE CONCRETO EM ESTRUTURAS. AF_02/2022 | E102: FUES - FUNDAÇÕES E ESTRUTURAS | G102: m³ | H102: 1 | I102: 29.22 | J102: 29.22
A103: Composição Auxiliar | B103: 92415 | C103: SINAPI | D103: MONTAGEM E DESMONTAGEM DE FÔRMA DE PILARES RETANGULARES E ESTRUTURAS SIMILARES, PÉ-DIREITO SIMPLES, EM CHAPA DE MADEIRA COMPENSADA RESINADA, 2 UTILIZAÇÕES. AF_09/2020 | E103: FUES - FUNDAÇÕES E ESTRUTURAS | G103: m² | H103: 1.93 | I103: 102.41 | J103: 197.65
A104: Composição Auxiliar | B104: 92451 | C104: SINAPI | D104: MONTAGEM E DESMONTAGEM DE FÔRMA DE VIGA, ESCORAMENTO COM GARFO DE MADEIRA, PÉ-DIREITO SIMPLES, EM CHAPA DE MADEIRA RESINADA, 2 UTILIZAÇÕES. AF_09/2020 | E104: FUES - FUNDAÇÕES E ESTRUTURAS | G104: m² | H104: 2.24 | I104: 147.09 | J104: 329.48
A105: Composição Auxiliar | B105: 92510 | C105: SINAPI | D105: MONTAGEM E DESMONTAGEM DE FÔRMA DE LAJE MACIÇA, PÉ-DIREITO SIMPLES, EM CHAPA DE MADEIRA COMPENSADA RESINADA, 2 UTILIZAÇÕES. AF_09/2020 | E105: FUES - FUNDAÇÕES E ESTRUTURAS | G105: m² | H105: 4.97 | I105: 37.67 | J105: 187.21
A106: Composição Auxiliar | B106: 92759 | C106: SINAPI | D106: ARMAÇÃO DE PILAR OU VIGA DE ESTRUTURA CONVENCIONAL DE CONCRETO ARMADO UTILIZANDO AÇO CA-60 DE 5,0 MM - MONTAGEM. AF_06/2022 | E106: FUES - FUNDAÇÕES E ESTRUTURAS | G106: KG | H106: 4.05 | I106: 10.28 | J106: 41.63
A107: Composição Auxiliar | B107: 92760 | C107: SINAPI | D107: ARMAÇÃO DE PILAR OU VIGA DE ESTRUTURA CONVENCIONAL DE CONCRETO ARMADO UTILIZANDO AÇO CA-50 DE 6,3 MM - MONTAGEM. AF_06/2022 | E107: FUES - FUNDAÇÕES E ESTRUTURAS | G107: KG | H107: 2.3 | I107: 9.71 | J107: 22.33
A108: Composição Auxiliar | B108: 92761 | C108: SINAPI | D108: ARMAÇÃO DE PILAR OU VIGA DE ESTRUTURA CONVENCIONAL DE CONCRETO ARMADO UTILIZANDO AÇO CA-50 DE 8,0 MM - MONTAGEM. AF_06/2022 | E108: FUES - FUNDAÇÕES E ESTRUTURAS | G108: KG | H108: 1.6 | I108: 9.15 | J108: 14.64
A109: Composição Auxiliar | B109: 92762 | C109: SINAPI | D109: ARMAÇÃO DE PILAR OU VIGA DE ESTRUTURA CONVENCIONAL DE CONCRETO ARMADO UTILIZANDO AÇO CA-50 DE 10,0 MM - MONTAGEM. AF_06/2022 | E109: FUES - FUNDAÇÕES E ESTRUTURAS | G109: KG | H109: 12.73 | I109: 8.18 | J109: 104.13
A110: Composição Auxiliar | B110: 92763 | C110: SINAPI | D110: ARMAÇÃO DE PILAR OU VIGA DE ESTRUTURA CONVENCIONAL DE CONCRETO ARMADO UTILIZANDO AÇO CA-50 DE 12,5 MM - MONTAGEM. AF_06/2022 | E110: FUES - FUNDAÇÕES E ESTRUTURAS | G110: KG | H110: 5.86 | I110: 6.89 | J110: 40.37
A111: Composição Auxiliar | B111: 92764 | C111: SINAPI | D111: ARMAÇÃO DE PILAR OU VIGA DE ESTRUTURA CONVENCIONAL DE CONCRETO ARMADO UTILIZANDO AÇO CA-50 DE 16,0 MM - MONTAGEM. AF_06/2022 | E111: FUES - FUNDAÇÕES E ESTRUTURAS | G111: KG | H111: 8.38 | I111: 6.67 | J111: 55.89
A112: Composição Auxiliar | B112: 92765 | C112: SINAPI | D112: ARMAÇÃO DE PILAR OU VIGA DE ESTRUTURA CONVENCIONAL DE CONCRETO ARMADO UTILIZANDO AÇO CA-50 DE 20,0 MM - MONTAGEM. AF_06/2022 | E112: FUES - FUNDAÇÕES E ESTRUTURAS | G112: KG | H112: 8.46 | I112: 7.57 | J112: 64.04
... A125: Insumo | B125: 00001527 | C125: SINAPI | D125: CONCRETO USINADO BOMBEAVEL, CLASSE DE RESISTENCIA C25, BRITA 0 E 1, SLUMP = 100 +/- 20 MM, COM BOMBEAMENTO (DISPONIBILIZACAO DE BOMBA), SEM O LANCAMENTO (NBR 8953) | E125: Material | G125: m³ | H125: 1.103 | I125: 467.84 | J125: 516.02
E126: MO sem LS => | F126: 419.98 | G126: LS => | H126: 0 | I126: MO com LS => | J126: 419.98
E127: Valor do BDI => | F127: 474.07 | H127: Valor com BDI => | J127: 2862.38
G128: Quant. => | H128: 18.43 | I128: Preço Total => | J128: 52753.66
A130: 3.2 | D130: CONCRETO ARMADO PARA FUNDAÇÕES - VIGAS BALDRAMES | J130: 59394.38
A131: 3.2.1 | B131: Código | C131: Banco | D131: Descrição | E131: Tipo | G131: Und | H131: Quant. | I131: Valor Unit | J131: Total
A132: Composição | B132: 95957 | C132: SINAPI | D132: (COMPOSIÇÃO REPRESENTATIVA) EXECUÇÃO DE ESTRUTURAS DE CONCRETO ARMADO, PARA EDIFICAÇÃO INSTITUCIONAL TÉRREA, FCK = 25 MPA. AF_01/2017 | E132: FUES - FUNDAÇÕES E ESTRUTURAS | G132: m³ | H132: 1 | I132: 2388.31 | J132: 2388.31
...

Sheet CR
A1: OBRA: | E1: BDI: | F1: BANCOS E DATAS: | I1: ENCARGOS SOCIAIS:
A2: CONSTRUÇÃO DE ESCOLA 8 SALAS | E2: 0.1985 | F2: SINAPI - 05/2024; SBC - 06/2024; ORSE - 04/2024; IOPES - 03/2024; AGESUL - 01/2024; AGETOP CIVIL - 02/2024; CAEMA - 12/2023 | I2: Não Desonerado: embutido nos preços unitário dos insumos de mão de obra, de acordo com as bases.
A4: CRONOGRAMA FÍSICO-FINANCEIRO
A5: OBRA: CONSTRUÇÃO DE ESCOLA DE 8 SALAS
A6: ITEM | B6: DESCRIÇÃO | C6: PERCENT. OBRA | D6: % / R$ | E6: 1 MÊS | F6: 2 MESES | G6: 3 MESES | H6: 4 MESES | I6: 5 MESES | J6: 6 MESES | K6: TOTAL
A7: 1 | B7: SERVIÇOS PRELIMINARES | C7: =K7/$K$40 -> 0.029167714 | D7: % | E7: =C7 -> 0.029167714 | K7: =[51]ORÇ!I18 -> 31770.63
D8: R$ | E8: =K7 -> 31770.63
A9: 2 | B9: MOVIMENTO DE TERRA | C9: =K9/$K$40 -> 0.023351501 | D9: % | E9: =C9 -> 0.023351501 | K9: =[51]ORÇ!I22 -> 25435.38
D10: R$ | E10: =K9 -> 25435.38
A11: 3 | B11: ESTRUTURA - FUNDAÇÕES E EMBASAMENTO | C11: =K11/$K$40 -> 0.11537994 | D11: % | E11: =C11/2 -> 0.057689969 | F11: =E11 -> 0.057689969 | K11: =[51]ORÇ!I26 -> 125676.4
D12: R$ | E12: =K11/2 -> 62838.2 | F12: =E12 -> 62838.2
A13: 4 | B13: SUPERESTRUTURA | C13: =K13/$K$40 -> 0.14379586 | D13: % | F13: =C13/2 -> 0.071897931 | G13: =F13 -> 0.071897931 | K13: =[51]ORÇ!I34 -> 156628.15
D14: R$ | F14: =K13/2 -> 78314.075 | G14: =F14 -> 78314.075
A15: 5 | B15: PAREDES E PAINEIS | C15: =K15/$K$40 -> 0.083874116 | D15: % | G15: =C15/2 -> 0.041937058 | H15: =G15 -> 0.041937058 | K15: =[51]ORÇ!I45 -> 91359.01
D16: R$ | G16: =K15/2 -> 45679.505 | H16: =G16 -> 45679.505
A17: 6 | B17: ESQUADRIAS | C17: =K17/$K$40 -> 0.068978119 | D17: % | J17: =C17 -> 0.068978119 | K17: =[51]ORÇ!I50 -> 75133.7
D18: R$ | J18: =K17 -> 75133.7
A19: 7 | B19: COBERTURA | C19: =K19/$K$40 -> 0.067176045 | D19: % | I19: =C19 -> 0.067176045 | K19: =[51]ORÇ!I64 -> 73170.81
D20: R$ | I20: =K19 -> 73170.81
A21: 8 | B21: IMPERMEABILIZAÇÃO | C21: =K21/$K$40 -> 0.023026292 | D21: % | E21: =E22/K40 -> 0.010651963 | F21: =F22/K40 -> 0.01237433 | K21: =[51]ORÇ!I69 -> 25081.15
D22: R$ | E22: =K21*46.26% -> 11602.54 | F22: =K21-E22 -> 13478.61
A23: 9 | B23: REVESTIMENTO DE PAREDES | C23: =K23/$K$40 -> 0.13734048 | D23: % | H23: =C23/2 -> 0.068670239 | I23: =H23 -> 0.068670239 | K23: =[51]ORÇ!I72 -> 149596.69
D24: R$ | H24: =K23/2 -> 74798.345 | I24: =H24 -> 74798.345
A25: 10 | B25: PAVIMENTAÇÃO E VEGETAÇÃO | C25: =K25/$K$40 -> 0.12706301 | D25: % | G25: =C25/2 -> 0.063531503 | H25: =G25 -> 0.063531503 | K25: =[51]ORÇ!I80 -> 138402.06
D26: R$ | G26: =K25/2 -> 69201.03 | H26: =G26 -> 69201.03
A27: 11 | B27: PINTURA | C27: =K27/$K$40 -> 0.067366462 | D27: % | J27: =C27 -> 0.067366462 | K27: =[51]ORÇ!I87 -> 73378.22
D28: R$ | J28: =K27 -> 73378.22
A29: 12 | B29: INSTALAÇÕES ELÉTRICAS | C29: =K29/$K$40 -> 0.030373096 | D29: % | G29: =C29/2 -> 0.015186548 | H29: =G29 -> 0.015186548 | K29: =[51]ORÇ!I92 -> 33083.58
D30: R$ | G30: =K29/2 -> 16541.79 | H30: =G30 -> 16541.79
A31: 13 | B31: INSTALAÇÕES HIDRÁULICAS | C31: =K31/$K$40 -> 0.014839976 | D31: % | G31: =C31/2 -> 0.0074199881 | H31: =G31 -> 0.0074199881 | K31: =[51]ORÇ!I108 -> 16164.29
D32: R$ | G32: =K31/2 -> 8082.145 | H32: =G32 -> 8082.145
A33: 14 | B33: INSTALAÇÕES SANITÁRIAS | C33: =K33/$K$40 -> 0.020637938 | D33: % | G33: =C33/2 -> 0.010318969 | H33: =G33 -> 0.010318969 | K33: =[51]ORÇ!I120 -> 22479.66
D34: R$ | G34: =K33/2 -> 11239.83 | H34: =G34 -> 11239.83
A35: 15 | B35: LOUÇAS E METAIS | C35: =K35/$K$40 -> 0.019940397 | D35: % | G35: =C35/2 -> 0.0099701983 | H35: =G35 -> 0.0099701983 | K35: =[51]ORÇ!I128 -> 21719.87
D36: R$ | G36: =K35/2 -> 10859.935 | H36: =G36 -> 10859.935
A37: 16 | B37: DIVISÓRIAS E BANCADAS | C37: =K37/$K$40 -> 0.027689059 | D37: % | H37: =C37/2 -> 0.013844529 | I37: =H37 -> 0.013844529 | K37: =[51]ORÇ!I140 -> 30160.02
D38: R$ | H38: =K37/2 -> 15080.01 | I38: =H38 -> 15080.01
A40: TOTAL PERÍODO | D40: % | E40: =E41/$K$40 -> 0.12086115 | F40: =F41/$K$40 -> 0.14196223 | G40: =G41/$K$40 -> 0.2202622 | H40: =H41/$K$40 -> 0.23087903 | I40: =I41/$K$40 -> 0.14969081 | J40: =J41/$K$40 -> 0.13634458 | K40: =SUM(K7:K38) -> 1089239.6
D41: R$ | E41: =E38+E36+E34+E32+E30+E28+E26+E24+E22+E20+E18+E16+E14+E12+E10+E8 -> 131646.75 | F41: =F38+F36+F34+F32+F30+F28+F26+F24+F22+F20+F18+F16+F14+F12+F10+F8 -> 154630.89 | G41: =G38+G36+G34+G32+G30+G28+G26+G24+G22+G20+G18+G16+G14+G12+G10+G8 -> 239918.31 | H41: =H38+H36+H34+H32+H30+H28+H26+H24+H22+H20+H18+H16+H14+H12+H10+H8 -> 251482.59 | I41: =I38+I36+I34+I32+I30+I28+I26+I24+I22+I20+I18+I16+I14+I12+I10+I8 -> 163049.16 | J41: =J38+J36+J34+J32+J30+J28+J26+J24+J22+J20+J18+J16+J14+J12+J10+J8 -> 148511.92
A42: TOTAL ACUMULADO | C42: 1 | D42: % | E42: =E43/$K$40 -> 0.12086115 | F42: =F43/$K$40 -> 0.26282338 | G42: =G43/$K$40 -> 0.48308557 | H42: =H43/$K$40 -> 0.7139646 | I42: =I43/$K$40 -> 0.86365542 | J42: =J43/$K$40 -> 1
D43: R$ | E43: =E41 -> 131646.75 | F43: =E43+F41 -> 286277.64 | G43: =F43+G41 -> 526195.95 | H43: =G43+H41 -> 777678.54 | I43: =H43+I41 -> 940727.7 | J43: =I43+J41 -> 1089239.6

Sheet BDI
A2: Obra | K2: Bancos | O2: B.D.I. | R2: Encargos Sociais
A3: =CR!A2 -> CONSTRUÇÃO DE ESCOLA 8 SALAS | K3: =CR!F2 -> SINAPI - 05/2024; SBC - 06/2024; ORSE - 04/2024; IOPES - 03/2024; AGESUL - 01/2024; AGETOP CIVIL - 02/2024; CAEMA - 12/2023 | O3: =CR!E2 -> 0.1985 | R3: =CR!I2 -> Não Desonerado: embutido nos preços unitário dos insumos de mão de obra, de acordo com as bases.
A5: CÁLCULO DE BDI | D5: Construção e Reforma de quaisquer Edificações inclusive Unidades Habitacionais, Escolas, Hospitais, de uso Agropecuário, Estações p/Trens/Metrôs, Estádios e Quadras Esportivas | G5: Rodovias e Ferrovias - Infra Urbana, praças, calçadas, etc. | J5: Abastecimento de Água, Coleta de Esgoto | M5: Fornecimento de materiais e equipamentos | P5: Construção e Manutenção de Estações e Redes de Distribuição de Energia Elétrica | S5: Portuárias, Marítimas e Fluviais
A6: Item componente do BDI | C6: % Informado | D6: 1ºQ | E6: Médio | F6: 3º Q | G6: 1ºQ | H6: Médio | I6: 3º Q | J6: 1ºQ | K6: Médio | L6: 3º Q | M6: 1ºQ | N6: Médio | O6: 3º Q | P6: 1ºQ | Q6: Médio | R6: 3º Q | S6: 1ºQ | T6: Médio | U6: 3º Q
A7: Administração Central ( AC ) | C7: 3 | D7: 3 | E7: 4 | F7: 5.5 | G7: 3.8 | H7: 4.01 | I7: 4.67 | J7: 3.43 | K7: 4.93 | L7: 6.71 | M7: 1.5 | N7: 3.45 | O7: 4.49 | P7: 5.29 | Q7: 5.92 | R7: 7.93 | S7: 4 | T7: 5.52 | U7: 7.85
A8: Seguro (S) e Garantia (G) | C8: 0.8 | D8: 0.8 | E8: 0.8 | F8: 1 | G8: 0.32 | H8: 0.4 | I8: 0.74 | J8: 0.28 | K8: 0.49 | L8: 0.75 | M8: 0.3 | N8: 0.48 | O8: 0.82 | P8: 0.25 | Q8: 0.51 | R8: 0.56 | S8: 0.81 | T8: 1.22 | U8: 1.99
A9: Risco (R) | C9: 0.97 | D9: 0.97 | E9: 1.27 | F9: 1.27 | G9: 0.5 | H9: 0.56 | I9: 0.97 | J9: 1 | K9: 1.39 | L9: 1.74 | M9: 0.56 | N9: 0.85 | O9: 0.89 | P9: 1 | Q9: 1.48 | R9: 1.97 | S9: 1.46 | T9: 2.32 | U9: 3.16
A10: Despesas Financeiras (DF) | C10: 0.59 | D10: 0.59 | E10: 1.23 | F10: 1.39 | G10: 1.02 | H10: 1.11 | I10: 1.21 | J10: 0.94 | K10: 0.99 | L10: 1.17 | M10: 0.85 | N10: 0.85 | O10: 1.11 | P10: 1.01 | Q10: 1.07 | R10: 1.11 | S10: 0.94 | T10: 1.02 | U10: 1.33
A11: Lucro (L) | C11: 6.16 | D11: 6.16 | E11: 7.4 | F11: 8.96 | G11: 6.64 | H11: 7.3 | I11: 8.69 | J11: 6.74 | K11: 8.04 | L11: 9.4 | M11: 3.5 | N11: 5.11 | O11: 6.22 | P11: 8 | Q11: 8.31 | R11: 9.51 | S11: 7.14 | T11: 8.4 | U11: 10.43
A12: Impostos (I) - PIS, COFINS, ISSQN | C12: 6.65 | D12: Conforme Legislação Específica
B14: Observações | G14: VALORES DE BDI POR TIPO DE OBRA
A15: 1) Preencher apenas a coluna % Informado (Coluna B) | G15: Tipo de Obra | M15: 1ºQ | N15: Médio | O15: 3º Q
A16: 2) Os Tributos normalmente aplicáveis são: PIS (O,65%), COFINS (3,00%) e ISS | G16: Construção de Edifícios | M16: 20.34 | N16: 22.12 | O16: 25
A17: 3) O cálculo do BDI se baseia na fórmula abaixo utilizada pelo Acórdão 2622/13 do TCU, conforme CE GEPAD 354/2013 de 17/10/2013. | G17: Construção de Rodovias e Ferrovias - Infra Urbana, praças, etc. | M17: 19.6 | N17: 20.97 | O17: 24.23
B18: B.D.I = | C18: 0.1985 | G18: Rede de Abastecimento de Água, Coleta de Esgotos | M18: 20.76 | N18: 24.18 | O18: 26.44
A19: Fórmula Utilizada: | G19: Estações e Redes de Distribuição de Energia Elétrica | M19: 24 | N19: 25.84 | O19: 27.86
G20: Obras Portuárias, Marítimas e Fluviais | M20: 22.8 | N20: 27.48 | O20: 30.95
G21: Fornecimento de Materiais e Equipamentos | M21: 11.1 | N21: 14.02 | O21: 16.8
A24: Observações sobre os % informados no cálculo do BDI, neste caso:
A25: OBRAS DE REDES DE ÁGUA E ESGOTO OS VALORES % INFORMADO ENQUADRAM-SE NOS LIMITES DO ACÓRDÃO 2622/2013-TCU-PLENÁRIO OS VALORES % INFORMADO DE AC,DF E L ESTÃO NOS VALORES MÁXIMOS DOS LIMITES DO ACÓRDÃO 2622/2013-TCU-PLENÁRIO OS VALORES % INFORMADO DE S+G E R FORAM CONSIDERADOS ZERADOS OU SEJA, ABAIXO DO MÍNIMO DOS LIMITES DO ACÓRDÃO 2622/2013-TCU-PLENÁRIO BDI ={{[(1+AC+G+R) x (1+DF) x (1+L)} / (1-I)} - 1 } x 100

Sheet ES
A1: Obra | C1: Bancos | D1: B.D.I. | E1: Encargos Sociais
A2: =BDI!A3 -> CONSTRUÇÃO DE ESCOLA 8 SALAS | C2: =BDI!K3 -> SINAPI - 05/2024; SBC - 06/2024; ORSE - 04/2024; IOPES - 03/2024; AGESUL - 01/2024; AGETOP CIVIL - 02/2024; CAEMA - 12/2023 | D2: =BDI!O3 -> 0.1985 | E2: =BDI!R3 -> Não Desonerado: embutido nos preços unitário dos insumos de mão de obra, de acordo com as bases.
A4: ENCARGOS SOCIAIS
A6: CÓDIGO | B6: DESCRIÇÃO | C6: COM DESONERAÇÃO | E6: SEM DESONERAÇÃO
C7: HORISTA % | D7: MENSALISTA % | E7: HORISTA % | F7: MENSALISTA %
A8: GRUPO A
A9: A1 | B9: INSS | C9: 0 | D9: 0 | E9: 0.2 | F9: 0.2
A10: A2 | B10: SESI | C10: 0.015 | D10: 0.015 | E10: 0.015 | F10: 0.015
A11: A3 | B11: SENAI | C11: 0.01 | D11: 0.01 | E11: 0.01 | F11: 0.01
A12: A4 | B12: INCRA | C12: 0.002 | D12: 0.002 | E12: 0.002 | F12: 0.002
A13: A5 | B13: SEBRAE | C13: 0.006 | D13: 0.006 | E13: 0.006 | F13: 0.006
A14: A6 | B14: Salário Educação | C14: 0.025 | D14: 0.025 | E14: 0.025 | F14: 0.025
A15: A7 | B15: Seguro Contra Acidentes de Trabalho | C15: 0.03 | D15: 0.03 | E15: 0.03 | F15: 0.03
A16: A8 | B16: FGTS | C16: 0.08 | D16: 0.08 | E16: 0.08 | F16: 0.08
A17: A9 | B17: SECONCI | C17: 0 | D17: 0 | E17: 0 | F17: 0
A18: A | B18: Total | C18: 0.168 | D18: 0.168 | E18: 0.368 | F18: 0.368
A19: GRUPO B
A20: B1 | B20: Repouso Semanal Remunerado | C20: 0.1803 | D20: Não incide | E20: 0.1803 | F20: Não incide
A21: B2 | B21: Feriados | C21: 0.0431 | D21: Não incide | E21: 0.0431 | F21: Não incide
A22: B3 | B22: Auxílio - Enfermidade | C22: 0.0085 | D22: 0.0064 | E22: 0.0085 | F22: 0.0064
A23: B4 | B23: 13º Salário | C23: 0.1106 | D23: 0.0833 | E23: 0.1106 | F23: 0.0833
A24: B5 | B24: Licença Paternidade | C24: 0.0006 | D24: 0.0004 | E24: 0.0006 | F24: 0.0004
A25: B6 | B25: Faltas Justificadas | C25: 0.0074 | D25: 0.0056 | E25: 0.0074 | F25: 0.0056
A26: B7 | B26: Dias de Chuvas | C26: 0.0206 | D26: Não incide | E26: 0.0206 | F26: Não incide
A27: B8 | B27: Auxílio Acidente de Trabalho | C27: 0.001 | D27: 0.0008 | E27: 0.001 | F27: 0.0008
A28: B9 | B28: Férias Gozadas | C28: 0.1129 | D28: 0.0851 | E28: 0.1129 | F28: 0.0851
A29: B10 | B29: Salário Maternidade | C29: 0.0004 | D29: 0.0003 | E29: 0.0004 | F29: 0.0003
A30: B | B30: Total | C30: 0.4854 | D30: 0.1819 | E30: 0.4854 | F30: 0.1819
A31: GRUPO C
A32: C1 | B32: Aviso Prévio Indenizado | C32: 0.0457 | D32: 0.0345 | E32: 0.0457 | F32: 0.0345
A33: C2 | B33: Aviso Prévio Trabalhado | C33: 0.0011 | D33: 0.0008 | E33: 0.0011 | F33: 0.0008
A34: C3 | B34: Férias Indenizadas | C34: 0.0331 | D34: 0.025 | E34: 0.0331 | F34: 0.025
A35: C4 | B35: Depósito Rescisão Sem Justa Causa | C35: 0.0261 | D35: 0.0196 | E35: 0.0261 | F35: 0.0196
A36: C5 | B36: Indenização Adicional | C36: 0.0038 | D36: 0.0029 | E36: 0.0038 | F36: 0.0029
A37: C | B37: Total | C37: 0.1098 | D37: 0.0828 | E37: 0.1098 | F37: 0.0828
A38: GRUPO D
A39: D1 | B39: Reincidência de Grupo A sobre Grupo B | C39: 0.0815 | D39: 0.0306 | E39: 0.1786 | F39: 0.0669
A40: D2 | B40: Reincidência de Grupo A sobre Aviso Prévio Trabalhado e Reincidência do FGTS sobre Aviso Prévio Indenizado | C40: 0.0038 | D40: 0.0029 | E40: 0.0041 | F40: 0.0031
A41: D | B41: Total | C41: 0.0853 | D41: 0.0335 | E41: 0.1827 | F41: 0.07
A42: TOTAL(A+B+C+D) | C42: 0.8485 | D42: 0.4662 | E42: 1.1459 | F42: 0.7027
